 Dungeon Sprint DCSS version 0.23.2-1-ga50397a (webtiles) character file.

Game seed: 6187518725582161078

145 doot the Ducker (level 5, 0/36 HPs)
             Began as a Tengu Monk on Apr 24, 2019.
             Was a Believer of Vehumet.
             Slain by a spriggan
             ... wielding a +0 dagger
              (16 damage)
             ... in the Dungeon (Sprint IV: "Fedhas' Mad Dash").
             The game lasted 00:03:04 (668 turns).

doot the Ducker (Tengu Monk)                         Turns: 668, Time: 00:03:04

Health: 0/36       AC:  2    Str: 11    XL:     5   Next: 27%
Magic:  3/6        EV: 17    Int: 11    God:    Vehumet [**....]
Gold:   48         SH:  0    Dex: 17    Spells: 3/4 levels left

rFire    . . .     SeeInvis .   a - +0 mace
rCold    . . .     Gourm    .   (no shield)
rNeg     . . .     Faith    .   b - +0 robe
rPois    .         Spirit   .   (helmet restricted)
rElec    .         Reflect  .   (no cloak)
rCorr    .         Harm     .   (no gloves)
MR       .....     NoTele   +   (boots unavailable)
Stlth    +++.......             j - amulet of invisibility {+Inv}
HPRegen  0.12/turn              (no ring)
MPRegen  0.10/turn              (no ring)

@: very slightly contaminated
A: beak, talons 3, able to fly
a: Fly, Renounce Religion, Evoke Invisibility


You were in the Dungeon.
You worshipped Vehumet.
Vehumet was pleased with you.
You were not hungry.

You visited 1 branch You collected 48 gold pieces.

Inventory:

Hand Weapons
 a - a +0 mace (weapon)
Armour
 b - a +0 robe (worn)
Jewellery
 j - the amulet of invisibility (around neck) {+Inv}
   (You found it in the Dungeon)

   [amulet of nothing]

   It lets you turn invisible.
Scrolls
 i - 2 scrolls of blinking
Potions
 d - a potion of curing
 g - 2 potions of magic
Comestibles
 c - a ration


   Skills:
 + Level 6.1 Fighting
 + Level 6.8 Maces & Flails
 + Level 7.0 Dodging
 + Level 3.8 Stealth
 + Level 1.2 Evocations


You had 3 spell levels left.
You knew the following spells:

 Your Spells              Type           Power        Failure   Level  Hunger
a - Magic Dart            Conj           #...         34%         1    ##.....
Your spell library was empty.

Dungeon Overview and Level Annotations

Branches:
Dungeon (1/1)

Altars:
Cheibriados
Dithmenos
Elyvilon
Gozag
Hepliaklqana
Kikubaaqudgha
Makhleb
Nemelex Xobeh
Okawaru
Qazlal
Ru
Sif Muna
Trog
Uskayaw
Vehumet
Wu Jian
Xom
Yredelemnul
Zin
The Shining One
Beogh
Jiyva
Lugonu


Innate Abilities, Weirdness & Mutations

You have a beak for a mouth.
You have claws for feet.
You can fly continuously.


Message History

You are very lightly contaminated with residual magic.
Nothing appears to happen.
The spriggan completely misses you.
Casting: Magic Dart (safe; 34% risk of failure)
Confirm with . or Enter, or press ? or * to list all spells.
Aiming: Magic Dart (safe; 34% risk of failure)
Press: ? - help, Shift-Dir - straight line, f/p - spriggan
Aim: a spriggan, wielding a +0 dagger, wearing a +0 robe and wearing a +0 buckler The magic dart hits the spriggan but does no damage.
The spriggan misses you.
Casting: Magic Dart (safe; 34% risk of failure)
Confirm with . or Enter, or press ? or * to list all spells.
Aiming: Magic Dart (safe; 34% risk of failure)
Press: ? - help, Shift-Dir - straight line, f/p - spriggan
Aim: a spriggan, wielding a +0 dagger, wearing a +0 robe and wearing a +0 buckler The magic dart hits the spriggan but does no damage.
The spriggan hits you with a +0 dagger.
You hit the spriggan. Your peck misses the spriggan.
The spriggan is lightly wounded.
The spriggan hits you with a +0 dagger!
You die...

#########################
...#.⌠._._._._.⌠.#.)'$..#
.(.'.._._._._._.@is.#
...#..._._._._...#..#
#+##.._._._._._..#..#
#._._._._._.⌠.####
###############


You could see a spriggan and a scorpion.

Vanquished Creatures
  3 oklob saplings (D)
  A worker ant (D)
  A river rat (D)
  A rat (D)
6 creatures vanquished.

Notes
Turn   | Place    | Note
-------+----------+-------------------------------------------
     0 | D        | doot the Tengu Monk began the quest for the Orb.
     0 | D        | Reached XP level 1. HP: 14/14 MP: 2/2
    20 | D        | Reached skill level 4 in Dodging
    20 | D        | Reached XP level 2. HP: 19/20 MP: 3/3
    30 | D        | Noticed an oklob sapling
    32 | D        | Killed an oklob sapling
    32 | D        | Reached skill level 5 in Maces & Flails
    32 | D        | Reached skill level 5 in Dodging
    32 | D        | Reached XP level 3. HP: 24/24 MP: 4/4
    35 | D        | Found the amulet of invisibility {+Inv}
    39 | D        | Reached skill level 5 in Fighting
    39 | D        | Reached XP level 4. HP: 31/31 MP: 5/5
    54 | D        | Found an opulent altar of Gozag.
    54 | D        | Found a hazy altar of Hepliaklqana.
    54 | D        | Found a burning altar of Makhleb.
    54 | D        | Found a roughly hewn altar of Beogh.
    54 | D        | Found a sparkling altar of Nemelex Xobeh.
    54 | D        | Found a snail-covered altar of Cheibriados.
    54 | D        | Found a sacrificial altar of Ru.
    54 | D        | Found a deep blue altar of Sif Muna.
    54 | D        | Found a shimmering altar of Xom.
    54 | D        | Found a basalt altar of Yredelemnul.
    55 | D        | Found a viscous altar of Jiyva.
    55 | D        | Found a bloodstained altar of Trog.
    55 | D        | Found an ornate altar of the Wu Jian Council.
    55 | D        | Noticed an oklob sapling priest
    59 | D        | Found an iron altar of Okawaru.
    59 | D        | Found a shadowy altar of Dithmenos.
    59 | D        | Found a glowing silver altar of Zin.
    60 | D        | Found a hide-covered altar of Uskayaw.
    60 | D        | Found an ancient bone altar of Kikubaaqudgha.
    61 | D        | Found a stormy altar of Qazlal.
    61 | D        | Found a glowing golden altar of the Shining One.
    61 | D        | Found a white marble altar of Elyvilon.
    62 | D        | Found a radiant altar of Vehumet.
    62 | D        | Found a corrupted altar of Lugonu.
    72 | D        | Killed an oklob sapling priest
    72 | D        | Reached skill level 6 in Dodging
   130 | D        | Became a worshipper of Vehumet
   130 | D        | Reached * piety under Vehumet
   130 | D        | Offered knowledge of Magic Dart by Vehumet.
   130 | D        | Reached ** piety under Vehumet
   345 | D        | Learned a level 1 spell: Magic Dart
   479 | D        | Offered knowledge of Flame Tongue by Vehumet.
   479 | D        | Reached skill level 7 in Dodging
   479 | D        | Reached skill level 1 in Evocations
   479 | D        | Gained mutation: You can fly continuously. [Tengu growth]
   479 | D        | Reached XP level 5. HP: 17/36 MP: 6/6
   668 | D        | Slain by a spriggan

Skill      XL: |  1  2  3  4 |
---------------+-------------+-----
Maces & Flails | 4 5 6 |  6.8
Dodging        | 4 5 7 |  7.0
Fighting       | 4 5 6 |  6.1
Stealth        | 3 |  3.8
Evocations     | 1 |  1.2

Action                   |  1- 3 |  4- 6 || total
-------------------------+-------+-------++-------
Melee: Mace              |    12 |    28 ||    40
       Peck              |     3 |     9 ||    12
       Kick              |     3 |    11 ||    14
 Cast: Magic Dart        |       |     2 ||     2
 Abil: Evoke Invisibilit |       |     2 ||     2
  Use: Potion            |       |     3 ||     3
 Stab: Sleeping          |     1 |       ||     1
       Invisible         |       |     4 ||     4
Armor: Robe              |     2 |       ||     2
Dodge: Dodged            |     7 |    13 ||    20
